Match 41053043
Unlisted

Match 41053043
End
Panzergrenadier Squad
250 Light Carrier
Construct Light Support Kompanie
Assault Grenadier Squad
Combat Half-tracks
Selects Battlefield Espionage Battlegroup
Selects Sector Subterfuge Beacon
Fire Support Elements
Veteran Squad Leaders
2.5-tonne Medical Truck
Assault Mechanized Group
Selects Transfer Depots
Selects Disruption Operation
Forward Retreat Point
Construct Panzerarmee Kommand
豪师傅
纱条千歌
《第二十一条军规》
listen
洛洛
33cavalierspartan
Bueno
无123
0
0

Comments sign in to comment!

No comments posted yet!